[Event "ICC tourney 2022 (75 10)"]
[Site "Internet Chess Club"]
[Date "2020.09.27"]
[Round "6"]
[White "joeandjoe56"]
[Black "goodcrowdchess"]
[Result "1/2-1/2"]
[ICCResult "Game drawn by mutual agreement"]
[WhiteElo "1807"]
[BlackElo "1615"]
[Opening "Ruy Lopez: closed, Chigorin, 12...c5d4"]
[ECO "C99"]
[NIC "RL.24"]
[Time "20:04:57"]
[TimeControl "4500+10"]

1. e4 e5 2. Nf3 Nc6 3. Bb5 a6 4. Ba4 Nf6 5. O-O Be7 6. Re1 b5 7. Bb3 d6 8.
c3 O-O 9. h3 Na5 10. Bc2 c5 11. d4 Qc7 12. Nbd2 cxd4 13. cxd4 Bd7 14. Bd3
Nc6 15. dxe5 dxe5 16. Nf1 Nb4 17. Bg5 Rac8 18. Rc1 Qb8 19. Qd2 Rxc1 20. Rxc1
Nxd3 21. Qxd3 Rd8 22. Qe2 h6 23. Bh4 Be6 24. b3 Rd7 25. Bg3 Bd6 26. Rc6 a5
27. Qc2 Rd8 28. N1d2 Nd7 29. Rc3 f6 30. Nh4 Nf8 31. Nf1 Bb4 32. Rd3 Rc8 33.
Qd1 Qc7 34. Ne3 Qc1 35. Nhf5 Qxd1+ 36. Rxd1 Kf7 37. f3 Rc6 38. Be1 Bxe1 39.
Rxe1 a4 40. Rb1 axb3 41. axb3 Nd7 42. b4 Nb6 43. Rd1 Nc4 44. Kf2 h5 45. Ng3
g6 46. Ne2 Nxe3 47. Kxe3 Rc4 48. Rb1 Ke7 49. Kd3 f5 50. Nc3 Rd4+ 51. Ke3 f4+
52. Ke2 Bc4+ 53. Ke1 Rd3 54. Rc1 g5 55. Rc2 Kf6 56. Nb1 Rb3 57. Nd2 Rxb4 58.
Nxc4 bxc4 59. Kd2 g4 60. hxg4 hxg4 61. fxg4 Kg5 62. Kc3 Ra4 63. Rd2 Kxg4 64.
Rd5 Kg3 65. Rxe5 Kxg2 66. Rg5+ Kf2 67. e5 f3 68. e6 Ra3+ 69. Kxc4 Re3 70.
Kd5 Ke1 71. Rf5 f2 72. Kd6 Rd3+ 73. Ke7 f1=Q 74. Rxf1+ Kxf1 75. Kf7 Rf3+ 76.
Ke8 Ke2 77. e7 Re3 78. Kd7 Rd3+ 79. Kc7 Rc3+ 80. Kd7 Rd3+ 81. Kc7 Rc3+ 82.
Kd7 {Game drawn by mutual agreement} 1/2-1/2

[Event "ICC tourney 2022 (75 10)"]
[Site "Internet Chess Club"]
[Date "2020.09.27"]
[Round "6"]
[White "saisneha"]
[Black "kwen2008"]
[Result "1/2-1/2"]
[ICCResult "Game drawn by mutual agreement"]
[WhiteElo "1858"]
[BlackElo "1736"]
[Opening "QGD: Ragozin variation"]
[ECO "D38"]
[NIC "NI.27"]
[Time "20:04:37"]
[TimeControl "4500+10"]

1. d4 Nf6 2. c4 e6 3. Nf3 d5 4. Nc3 Bb4 5. Bg5 Be7 6. cxd5 exd5 7. Qc2 O-O
8. e3 h6 9. Bh4 c6 10. Bd3 Nbd7 11. O-O b6 12. a3 c5 13. Rfe1 c4 14. Bf1 Bb7
15. Rad1 Re8 16. Bg3 Rc8 17. Nd2 Bf8 18. Be2 Nb8 19. Bf3 Nc6 20. Qf5 Ne7 21.
Qc2 Ng6 22. e4 dxe4 23. Ndxe4 Nxe4 24. Nxe4 Ba8 25. Bg4 Bxe4 26. Rxe4 Rxe4
27. Qxe4 Qe8 28. Qb7 Rd8 29. d5 Ne5 30. h3 Nxg4 31. hxg4 Qe2 32. Rf1 Qxg4
33. d6 Qd7 34. Qc7 g5 35. Rd1 b5 36. Rd5 a6 37. Be5 Bg7 38. Bxg7 Kxg7 39.
Qb6 Re8 40. Qd4+ Kg8 41. Kh2 Re1 42. Re5 Rxe5 43. Qxe5 f5 44. Qf6
{Game drawn by mutual agreement}
1/2-1/2

[Event "ICC tourney 2022 (75 10)"]
[Site "Internet Chess Club"]
[Date "2020.09.27"]
[Round "6"]
[White "ciciwin"]
[Black "Averyyu321"]
[Result "1/2-1/2"]
[ICCResult "Game drawn by mutual agreement"]
[WhiteElo "1637"]
[BlackElo "1766"]
[Opening "QGD: Tartakower (Makagonov-Bondarevsky) system"]
[ECO "D58"]
[NIC "QO.10"]
[Time "20:04:43"]
[TimeControl "4500+10"]

1. d4 d5 2. c4 e6 3. Nc3 Nf6 4. Nf3 Be7 5. Bg5 h6 6. Bh4 O-O 7. e3 b6 8. Be2
Bb7 9. O-O Re8 10. Rc1 Nbd7 11. h3 dxc4 12. Bxc4 Nd5 13. Bxe7 Rxe7 14. Nxd5
exd5 15. Be2 Nf6 16. Ne5 c5 17. Nf3 c4 18. Ne5 Nd7 19. Nxd7 Qxd7 20. b3 b5
21. bxc4 bxc4 22. Bg4 f5 23. Bf3 Qd6 24. Qc2 Rf8 25. Rb1 Bc6 26. Rfc1 Be8
27. Qc3 Bg6 28. Rb5 Bf7 29. Qa5 Rd8 30. Rcb1 Red7 31. Rc5 f4 32. Rbb5 fxe3
33. fxe3 Qe7 34. Kf2 Qg5 35. g3 Qf5 36. Rxc4 Qxh3 37. Rcc5 Qe6 38. Qc3 Qf6
39. Kg2 Be6 40. Rc6 Qf5 41. g4 Qf7 42. Qd3 Rf8 43. Qe2 Rdd8 44. Rbc5 Rd7 45.
a4 Rb7 46. Rb5 Rxb5 47. axb5 Rb8 48. Rc5 Rb6 {Game drawn by mutual
agreement} 1/2-1/2

[Event "ICC tourney 2022 (75 10)"]
[Site "Internet Chess Club"]
[Date "2020.09.27"]
[Round "6"]
[White "Joshua1"]
[Black "DLWarrior"]
[Result "0-1"]
[ICCResult "White resigns"]
[WhiteElo "1824"]
[BlackElo "1898"]
[Opening "QGD: semi-Slav"]
[ECO "D31"]
[NIC "SL.06"]
[Time "20:05:07"]
[TimeControl "4500+10"]

1. d4 d5 2. c4 e6 3. Nc3 c6 4. e3 Bd6 5. Nf3 f5 6. Bd3 Nf6 7. Qc2 Nbd7 8. b3
O-O 9. a4 Ne4 10. O-O Qf6 11. Ba3 Bxa3 12. Rxa3 Qh6 13. Rb1 Ndf6 14. Bxe4
fxe4 15. Ne5 Qh4 16. Qe2 Bd7 17. c5 Be8 18. b4 Bh5 19. Qf1 Ng4 20. Nxg4 Bxg4
21. Ne2 Rf6 22. Ng3 Raf8 23. Ra2 Rh6 24. h3 e5 25. Rd2 Be6 26. b5 Rg6 27.
Qe2 Bxh3 28. gxh3 Qxh3 29. bxc6 Rh6 30. f4 Qxg3+ 31. Qg2 Qxe3+ 32. Rf2 bxc6
33. f5 Rh5 34. f6 Rg5 35. f7+ Kh8 36. Rb8 Rxg2+ 37. Kxg2 Qxf2+ 38. Kxf2 Rxb8
39. a5 exd4 40. a6 Rf8 41. Ke2 Rxf7 {White resigns} 0-1

[Event "ICC tourney 2022 (75 10)"]
[Site "Internet Chess Club"]
[Date "2020.09.27"]
[Round "6"]
[White "ryanwang"]
[Black "FL2009"]
[Result "1-0"]
[ICCResult "Black resigns"]
[WhiteElo "1885"]
[BlackElo "1783"]
[Opening "Ruy Lopez: Berlin defense, open variation"]
[ECO "C67"]
[NIC "RL.07"]
[Time "20:05:33"]
[TimeControl "4500+10"]

1. e4 e5 2. Nf3 Nc6 3. Bb5 Nf6 4. O-O Nxe4 5. d4 Nd6 6. Bxc6 dxc6 7. dxe5
Nf5 8. Qxd8+ Kxd8 9. Nc3 Be7 10. Rd1+ Ke8 11. Bf4 Nh4 12. Nd4 a6 13. Rd2 h5
14. h3 g5 15. Bh2 Nf5 16. Re1 Be6 17. Nxe6 fxe6 18. Red1 Rd8 19. Ne4 Rxd2
20. Rxd2 Rh7 21. Kf1 g4 22. hxg4 hxg4 23. Bf4 Rh1+ 24. Ke2 c5 25. Be3 Nxe3
26. Kxe3 Rh5 27. Kf4 Rf5+ 28. Kxg4 Rxe5 29. f3 c4 30. Kf4 Ra5 31. a3 Rb5 32.
c3 Rf5+ 33. Ke3 b5 34. g4 Rf8 35. f4 Rh8 36. Kd4 Kf7 37. Ke5 Rh3 38. g5 Rd3
39. Rxd3 cxd3 40. Kd4 Kg6 41. Kxd3 Kf5 42. Ke3 e5 43. fxe5 Kxe5 44. g6 Bf8
45. Kd3 Kf5 46. Nc5 a5 47. Nb3 a4 48. Nd4+ Kxg6 49. Nxb5 c5 50. Ke4 Bh6 51.
Kd5 Bc1 52. Kxc5 Bxb2 53. Kb4 Kf6 54. Kxa4 Ke6 55. Ka5 Kd5 56. Kb6 Kc4 57.
a4 Bc1 58. a5 Be3+ 59. Kc6 Bg1 60. a6 Be3 61. Nd4 Kxc3 62. a7 Bxd4 63. a8=Q
Kd2 64. Qa3 Bc3 65. Kd5 Kd3 66. Qb3 Kd2 67. Ke4 Bh8 68. Qe3+ Kc2 69. Qd3+
Kc1 70. Qe2 Bc3 71. Kd3 {Black resigns} 1-0

[Event "ICC tourney 2022 (75 10)"]
[Site "Internet Chess Club"]
[Date "2020.09.27"]
[Round "6"]
[White "rmauskopf24"]
[Black "Mrpeetapizza"]
[Result "1/2-1/2"]
[ICCResult "Game drawn by mutual agreement"]
[WhiteElo "1614"]
[BlackElo "1857"]
[Opening "King's Indian: orthodox variation"]
[ECO "E94"]
[NIC "KI.15"]
[Time "20:04:58"]
[TimeControl "4500+10"]

1. d4 Nf6 2. c4 g6 3. Nc3 Bg7 4. e4 d6 5. Nf3 O-O 6. Be2 e5 7. O-O exd4 8.
Nxd4 a5 9. f4 Re8 10. Bf3 Na6 11. Kh1 Nc5 12. Re1 c6 13. Nb3 Nxb3 14. axb3
Qc7 15. Be3 h5 16. h3 Bd7 17. g4 hxg4 18. hxg4 Rad8 19. g5 Nh7 20. Bd4 Be6
21. Bxg7 Kxg7 22. Qd4+ f6 23. Re2 c5 24. Nb5 Qe7 25. Qc3 Rh8 26. Rh2 Kf7 27.
f5 Nxg5 28. fxe6+ Qxe6 29. Bg2 Nxe4 30. Qe1 Qe5 31. Bh3 Rh5 32. Nc3 Nxc3 33.
Qxc3 Qxc3 34. bxc3 Rdh8 35. Kg2 b6 36. Rd1 g5 37. Rdh1 Rh4 38. Bf5 Rg8 39.
Kg3 a4 40. bxa4 Re8 41. Rxh4 gxh4+ 42. Rxh4 Re3+ 43. Kf2 Rxc3 44. Rh7+
{Game drawn by mutual agreement}
1/2-1/2

[Event "ICC tourney 2022 (75 10)"]
[Site "Internet Chess Club"]
[Date "2020.09.27"]
[Round "6"]
[White "HarleyQueen8"]
[Black "IAlwaysWin"]
[Result "0-1"]
[ICCResult "White checkmated"]
[WhiteElo "1714"]
[BlackElo "1981"]
[Opening "QGD: Charousek (Petrosian) variation"]
[ECO "D31"]
[NIC "QP.08"]
[Time "20:05:28"]
[TimeControl "4500+10"]

1. d4 d5 2. c4 e6 3. Nc3 Be7 4. cxd5 exd5 5. Nf3 c6 6. Bf4 Nf6 7. e3 O-O 8.
Bd3 h6 9. h3 Be6 10. O-O Bd6 11. Bxd6 Qxd6 12. Rb1 Nbd7 13. b4 Rac8 14. b5
c5 15. dxc5 Nxc5 16. Rc1 Rc7 17. Bb1 Rfc8 18. Qd2 Qb6 19. Nd4 Qa5 20. Ne4
Qxd2 21. Nxd2 Na4 22. Rxc7 Rxc7 23. N2b3 Kf8 24. a3 Ke7 25. Rc1 Ne8 26.
Rxc7+ Nxc7 27. Bd3 Kd6 28. Kf1 Bd7 29. Ke1 Nc3 30. Na5 b6 31. Nac6 Bxc6 32.
bxc6 Ne6 33. Nf5+ Kxc6 34. Kd2 Ne4+ 35. Ke2 N4c5 36. Ne7+ Kb7 37. Nxd5 a6
38. Bf5 b5 39. Bxe6 Nxe6 40. Kd3 a5 41. Kc3 Kc6 42. Ne7+ Kc5 43. Nf5 h5 44.
Ng3 g6 45. Ne4+ Kc6 46. g4 hxg4 47. hxg4 Kd5 48. Ng3 Ng5 49. Kd3 b4 50. axb4
axb4 51. Ne2 Ne6 52. Nc1 Nc5+ 53. Kd2 Ke4 54. Na2 b3 55. Nc3+ Kf3 56. Nd1
Ne4+ 57. Kc1 Nxf2 58. Nc3 Nxg4 59. Kb2 Nxe3 60. Kxb3 g5 61. Nb1 g4 62. Nd2+
Ke2 63. Ne4 f5 64. Ng3+ Kf3 65. Nh5 g3 66. Nxg3 Kxg3 67. Kc3 f4 68. Kd2 Kf2
69. Kd3 f3 70. Kd2 Kg1 71. Kxe3 f2 72. Kd2 f1=Q 73. Ke3 Qd1 74. Ke4 Kf2 75.
Kf4 Qd4+ 76. Kf5 Kf3 77. Kg5 Qf4+ 78. Kg6 Kg4 79. Kh7 Qg5 80. Kh8 Kf5 81.
Kh7 Kf6 82. Kh8 Qg7# {White checkmated} 0-1

[Event "ICC tourney 2022 (75 10)"]
[Site "Internet Chess Club"]
[Date "2020.09.27"]
[Round "6"]
[White "Otelo"]
[Black "Legal757"]
[Result "0-1"]
[ICCResult "White resigns"]
[WhiteElo "2038"]
[BlackElo "1935"]
[Opening "Réti: advance variation"]
[ECO "A09"]
[NIC "RE.17"]
[Time "20:04:48"]
[TimeControl "4500+10"]

1. Nf3 d5 2. c4 d4 3. b4 c5 4. bxc5 Nc6 5. d3 e5 6. g3 Bxc5 7. Bg2 Nf6 8.
O-O O-O 9. Ba3 Qe7 10. Bxc5 Qxc5 11. Nbd2 Rb8 12. a4 b6 13. Qb3 Re8 14. Rfb1
h6 15. Qb5 Qd6 16. Nh4 Bd7 17. Qb3 Bg4 18. Rb2 Bd7 19. Rab1 Be6 20. Ne4 Nxe4
21. Bxe4 g6 22. Qb5 Rbc8 23. Nf3 Bd7 24. Qb3 Kg7 25. Nd2 Be6 26. Ra1 Rb8 27.
Qa3 Qxa3 28. Rxa3 Bd7 29. Rab3 Na5 30. Rb4 Rbc8 31. Bd5 Nc6 32. Bxc6 Bxc6
33. Nb3 Rc7 34. a5 bxa5 35. Nxa5 Bd7 36. Rb7 Rec8 37. Rxc7 Rxc7 38. Rb7 Rxb7
39. Nxb7 Bc6 40. Na5 Bd7 41. Kg2 Kf6 42. e3 Bf5 43. e4 Bd7 44. f4 Ke6 45.
Kf3 f6 46. g4 Kd6 47. h4 exf4 48. Kxf4 g5+ 49. hxg5 hxg5+ 50. Kf3 Kc5 51.
Nb3+ Kb4 52. Nxd4 a5 53. Nf5 a4 54. Nd4 Kc3 55. Ke3 Bxg4 56. c5 Kb2 57. c6
Bc8 58. Nb5 Ba6 59. c7 a3 60. Nxa3 Kxa3 61. d4 Kb4 62. e5 fxe5 63. dxe5 Bc8
64. Ke4 Kc5 65. Kf3 Kd5 66. Kg3 Kxe5 {White resigns} 0-1

[Event "ICC tourney 2022 (75 10)"]
[Site "Internet Chess Club"]
[Date "2020.09.27"]
[Round "6"]
[White "Natey"]
[Black "Ben1927829"]
[Result "1/2-1/2"]
[ICCResult "Game drawn by mutual agreement"]
[WhiteElo "1665"]
[BlackElo "1864"]
[Opening "French: Fort Knox variation"]
[ECO "C03"]
[NIC "FR.07"]
[Time "20:04:44"]
[TimeControl "4500+10"]

1. e4 e6 2. d4 d5 3. Nd2 dxe4 4. Nxe4 Bd7 5. Nf3 Bc6 6. Bd3 Nd7 7. O-O Ngf6
8. Re1 Be7 9. c3 Nxe4 10. Bxe4 Bxe4 11. Rxe4 Nf6 12. Re1 O-O 13. Bg5 h6 14.
Bxf6 Bxf6 15. Qb3 Rb8 16. Rad1 c6 17. Nd2 Qc7 18. Ne4 Be7 19. Rd3 Rfd8 20.
Rf3 Rd7 21. Ng3 Rf8 22. Qc2 c5 23. dxc5 Bxc5 24. Ne4 Be7 25. Rd3 Rxd3 26.
Qxd3 Rd8 27. Qf3 Qc4 28. b3 Qd3 29. Qxd3 Rxd3 30. Kf1 f5 31. Ng3 Kf7 32. Rc1
Rd2 33. a4 Bc5 34. Nh1 a5 35. Rb1 Kf6 36. b4 axb4 37. cxb4 Bd4 38. a5 f4 39.
h3 e5 40. Kg1 e4 41. Re1 Ke5 42. Kf1 Rb2 43. g3 g5 44. gxf4+ gxf4 45. f3 e3
46. Re2 Rxb4 47. Nf2 Rb1+ 48. Kg2 Kf5 49. Ne4 Be5 50. Nc5 Rb5 51. Rc2 e2 52.
Nd3 Rb3 53. Ne1 Re3 54. Kf2 Bd4 55. Rxe2 Re5+ 56. Kf1 Rxa5 57. Nc2 Bc5 58.
Rd2 b6 59. Rd5+ Ke6 60. Rh5 Ra2 61. Rxh6+ Kf5 62. Ne1 Rf2+ 63. Kg1 Rxf3+ 64.
Kg2 Rf2+ 65. Kg1 Rf3+ 66. Kg2 Rg3+ 67. Kh2 Bf2 68. Ng2 f3 69. Nh4+ Kf4 70.
Rf6+ Ke4 71. Re6+ Kd3 72. Rf6 Ke2 73. Rf5 b5 74. Rxb5 Rg8 75. Rb2+ Ke3 76.
Nf5+ Kf4 77. Rxf2 Kxf5 78. Rxf3+ {Game drawn by mutual agreement} 1/2-1/2